 Dungeon Crawl Stone Soup version 0.23-a0-143-g1adec7b (webtiles) character file.

97 MothsLongingForFire the Chopper (level 4, -7/39 HPs)
             Began as a Hill Orc Abyssal Knight on Sept 4, 2018.
             Was a Follower of Lugonu.
             Killed by divine providence
             ... invoked by an orc priest
              (17 damage)
             ... on level 3 of the Dungeon.
             The game lasted 00:05:47 (2645 turns).

MothsLongingForFire the Chopper (HOAK)              Turns: 2645, Time: 00:05:48

Health: -7/39      AC:  7    Str: 15    XL:     4   Next: 68%
Magic:  7/7        EV: 10    Int: 12    God:    Lugonu [*.....]
Gold:   85         SH:  0    Dex: 10    Spells: 3/3 levels left

rFire    . . .     SeeInvis .   a - +1 hand axe
rCold    . . .     Gourm    .   (no shield)
rNeg     . . .     Faith    .   i - +0 ring mail (curse)
rPois    .         Spirit   .   (no helmet)
rElec    .         Reflect  .   g - +0 cloak
rCorr    .         Harm     .   (no gloves)
MR       .....                  h - +0 pair of boots
Stlth    ..........             (no amulet)
HPRegen  0.13/turn              (no ring)
MPRegen  0.10/turn              (no ring)

@: no status effects
A: no striking features
a: Depart the Abyss, Renounce Religion, Convert to Beogh


You were on level 3 of the Dungeon.
You worshipped Lugonu.
Lugonu was aware of your devotion.
You were not hungry.

You visited 1 branch of the dungeon, and saw 3 of its levels.
You visited the Abyss 1 time.

You collected 85 gold pieces.


   Skills:
 - Level 3.6 Fighting
 * Level 5.4 Axes
 - Level 2.1 Armour
 - Level 0.7 Dodging
 + Level 4.0 Invocations


You had 3 spell levels left.
You didn't know any spells.
Your spell library was empty.

Inventory:

Hand Weapons
 a - a +1 hand axe (weapon)
Missiles
 e - 132 stones (quivered)
Armour
 b - a +0 leather armour
 g - a +0 cloak (worn)
 h - a +0 pair of boots (worn)
 i - a cursed +0 ring mail (worn)
 s - a +0 helmet
Jewellery
 d - a +3 ring of dexterity {unknown}
Scrolls
 j - a scroll of teleportation {unknown}
 k - a scroll of remove curse {unknown}
 l - 3 scrolls of enchant armour {unknown}
 m - a scroll of identify {unknown}
 q - a scroll of enchant weapon {unknown}
Potions
 f - 2 potions of brilliance {unknown}
 n - a potion of haste {unknown}
 o - a potion of magic {unknown}
 p - a potion of might {unknown}
 t - a potion of flight {unknown}
Comestibles
 c - 7 rations {@e1}
 r - 3 chunks of flesh

Dungeon Overview and Level Annotations

Branches:
Dungeon (3/15)

Altars:

#.# #######.#
#.#
#.......######.
#<#
#.####.........
#.# #.#
##.#####..
###.# #.# #.#
#.(.# #.# #)#
#.### #o# #(###
#.# #.# #...#
#<# ##.## ###@#
#.# #...# #o#
#†#
#.......o...
#.#
#...######.##
#.# ##### #.#
#.# #.# #.# ..#
#.. ... ###


You could see an orc priest.


Message History

The orc is almost dead.
The orc priest calls down the wrath of Beogh upon you.
Beogh smites you!
* * * LOW HITPOINT WARNING * * *
The orc closely misses you.
You are too injured to fight recklessly!
You are too injured to fight recklessly!
You barely miss the orc.
The orc is almost dead.
The orc barely misses you.
You barely miss the orc.
The orc is almost dead.
The orc closely misses you.
You slash the orc!
You kill the orc!
Lugonu accepts your kill.
The orc priest shouts, "Join the one true god or die!"
You barely miss the orc priest.
The orc priest shouts, "Surrender to Beogh and we'll let you live!"
The orc priest hits you with a dagger.
* * * LOW HITPOINT WARNING * * *
You closely miss the orc priest. The orc priest hits you with a dagger.
* * * LOW HITPOINT WARNING * * *
You barely miss the orc priest.
The orc priest shouts, "Join the one true god or die!"
The orc priest barely misses you.
You hit the orc priest but do no damage.
The orc priest invokes the aid of Beogh against you.
Beogh smites you!
You die...

Skill      XL: |  1  2  3  4 |
---------------+-------------+-----
Axes           | 3 4 5 |  5.4
Invocations    | 3 4 |  4.0
Fighting       | |  3.6
Armour         | |  2.1
Dodging        | |  0.7

Action                   |  1- 3 |  4- 6 || total
-------------------------+-------+-------++-------
Melee: Hand axe          |   110 |    36 ||   146
Throw: Stone             |    10 |       ||    10
Invok: Depart the Abyss  |     1 |       ||     1
  Eat: Chunk             |     4 |     2 ||     6
Armor: Leather armour    |    22 |       ||    22
       Ring mail         |     8 |    13 ||    21
Dodge: Dodged            |    53 |    16 ||    69

Vault maps used:
D:1:      minmay_arrival_doors, serial_bayou, serial_bayou_crossing,
          serial_bayou_pond_d, serial_bayou_pond_e, serial_bayou_lagoon_b
D:2:      roderic_serpentine_path, minmay_pentomino_r2
D:3:      eat_drink_and_be_merry_uskayaw, led_sif_pool, uniq_terence

Notes
Turn   | Place    | Note
-------+----------+-------------------------------------------
     0 | Abyss:1  | MothsLongingForFire the Hill Orc Abyssal Knight began the
                  | quest for the Orb.
     0 | Abyss:1  | Reached XP level 1. HP: 19/19 MP: 2/2
     2 | Abyss:1  | Found an iron altar of Okawaru.
    25 | Abyss:1  | Noticed a hell hound
    25 | D:1      | You pass through the gate.
    25 | D:1      | Escaped the Abyss
   173 | D:1      | Reached skill level 3 in Axes
   216 | D:1      | Reached XP level 2. HP: 26/26 MP: 4/4
   219 | D:1      | Reached * piety under Lugonu
   385 | D:1      | Reached skill level 3 in Invocations
   832 | D:2      | Reached skill level 4 in Axes
  1118 | D:2      | Reached XP level 3. HP: 24/31 MP: 5/5
  2162 | D:2      | Reached XP level 4. HP: 36/39 MP: 6/6
  2559 | D:3      | Reached skill level 5 in Axes
  2559 | D:3      | Reached skill level 4 in Invocations
  2645 | D:3      | Killed from afar by an orc priest

Vanquished Creatures
  An orc priest (D:3)
  2 adders (D:2)
  A worm (D:1)
  A dart slug (D:1)
  2 leopard geckos
  3 orcs (D:3)
  A ball python (D:2)
  3 goblins (D:1)
  6 hobgoblins
  4 kobolds
  3 quokkas (D:2)
  5 bats
  4 frilled lizards
  4 rats
40 creatures vanquished.

Table legend:
 A = Turns spent in this place as a percentage of turns spent in the entire game.
 B = Non-inter-level travel turns spent in this place as a percentage of non-inter-level travel turns spent in the entire game.
 C = Inter-level travel turns spent in this place as a percentage of turns spent in this place.
 D = Turns resting spent in this place as a percentage of non-inter-level travel turns spent in this place.
 E = Turns spent auto-exploring this place as a percentage of non-inter-level travel turns spent in this place.
 F = Non-inter-level travel turns spent in this place divided by the number of levels of this place that you've seen.
                   A       B       C       D       E      F
               +-------+-------+-------+-------+-------+----------------------
         Total | 100.0 | 100.0 |   2.5 |  28.0 |  52.8 | 644.5
       Dungeon |  99.1 |  99.0 |   2.6 |  28.3 |  52.6 | 851.0
         Abyss |   0.9 |   1.0 |   0.0 |   0.0 |  76.0 |  25.0
               +-------+-------+-------+-------+-------+----------------------

Table legend:
 A = Non-vault XP
 B = Vault XP
 C = Vault XP percentage of total XP
 D = Non-vault monster count
 E = Vault monster count
 F = Vault count percentage of total count
                 A         B        C        D         E       F
            +---------+---------+-------+---------+---------+-------
      Total |     139 |       0 |   0.0 |      40 |       0 |   0.0
            +---------+---------+-------+---------+---------+-------
        D:1 |      36 |       0 |   0.0 |      18 |       0 |   0.0
        D:2 |      48 |       0 |   0.0 |      15 |       0 |   0.0
        D:3 |      55 |       0 |   0.0 |       7 |       0 |   0.0
            +---------+---------+-------+---------+---------+-------
